Map: Odyssey LE

Players

TLO - Winner!

  • Race: Zerg Zerg
  • Spawn Location: 11:00

Has

  • Race: Protoss Protoss
  • Spawn Location: 5:00

Event: WCS Montreal 2017

VOD

Have the link to the VOD?

Description

Time

  • Played on: Sept. 8, 2017, 6:19 p.m.
  • Length: 11:38

All games in this series

Show
View Real Time Build Order
Export as new Build Order

TLO Zerg - Winner!

Build Orders: Pool First 

Get SALT Encoding   

  12  0:00  Drone  
  13  0:12  Overlord  
  13  0:16  Drone  
  14  0:30  Drone  
  14  0:31  Drone  
  16  0:40  Spawning Pool  
  15  0:47  Drone  
  15  0:49  Drone  
  17  0:59  Extractor  
  16  1:11  Hatchery  
  16  1:14  Drone  
  17  1:19  Drone  
  18  1:27  Zergling x2  
  18  1:30  Zergling x2  
  20  1:33  Extractor  
  20  1:35  Queen  
  21  1:42  Overlord  
  21  1:52  Drone  
  23  2:01  Drone  
  23  2:11  Queen, Drone  
  26  2:23  Drone x2  
  28  2:30  Hatchery  
  28  2:33  Drone  
  28  2:36  Drone  
  29  2:44  Metabolic Boost  
  29  2:45  Drone  
  30  2:55  Overlord  
  30  2:57  Zergling x4  
  31  3:01  Drone x2  
  33  3:06  Drone  
  33  3:07  Drone  
  35  3:16  Drone  
  35  3:17  Drone  
  37  3:20  Drone, Roach Warren  
  37  3:23  Drone  
  37  3:24  Extractor  
  38  3:27  Drone  
  38  3:29  Drone  
  38  3:31  Drone  
  40  3:37  Queen  
  40  3:41  Zergling x2  
  43  3:46  Drone  
  43  3:47  Drone x2  
  45  3:50  Drone  
  45  3:52  Burrow  
  45  3:54  Drone  
  47  3:57  Drone x2  
  47  4:01  Overlord  
  49  4:06  Overlord  
  49  4:09  Overlord  
  49  4:12  Overlord  
  48  4:17  Spore Crawler  
  48  4:18  Drone  
  48  4:23  Roach x2  
  55  4:24  Roach  
  55  4:27  Roach  
  55  4:30  Roach  
  59  4:32  Roach  
  59  4:35  Roach  
  59  4:36  Drone  
  64  4:39  Roach  
  64  4:41  Roach  
  64  4:43  Roach  
  70  4:46  Roach  
  70  4:50  Overlord  
  70  4:51  Drone  
  73  4:54  Roach  
  73  4:57  Roach  
  77  5:00  Roach  
  77  5:01  Roach  
  77  5:05  Overlord  
  81  5:07  Overlord  
  81  5:11  Overlord  
  81  5:16  Overlord x2  
  81  5:17  Zergling x2  
  81  5:18  Roach x3  
  82  5:21  Spore Crawler, Zergling x2  
  82  5:22  Roach x8  
  82  5:25  Zergling x4  
  84  5:28  Roach x8  
  84  5:30  Roach x2  
  84  5:32  Roach  
  84  5:33  Roach x15  
  84  5:34  Roach  
  92  5:36  Roach  
  92  5:39  Roach  
  92  5:41  Roach  
  95  5:44  Roach  
  95  5:45  Roach  
  95  5:46  Drone  
  95  5:49  Drone  
  99  5:51  Drone  
  99  5:53  Drone  
  99  5:54  Drone  
  99  5:55  Roach x8  
  101  5:57  Drone  
  101  5:59  Spore Crawler  
  101  6:02  Drone  
  101  6:03  Drone  
  103  6:08  Drone  
  104  6:13  Roach  
  104  6:15  Roach  
  104  6:17  Spore Crawler  
  104  6:18  Lair  
  106  6:19  Roach  
  106  6:25  Drone x2  
  110  6:31  Zergling x2  
  111  6:36  Roach x2  
  114  6:40  Zergling x2  
  114  6:41  Zergling x4  
  116  6:53  Zergling x4  
  116  6:54  Zergling x2  
  116  6:55  Drone  
  116  6:58  Drone  
  116  7:00  Drone  
  119  7:03  Drone  
  119  7:06  Drone  
  119  7:07  Extractor  
  115  7:10  Extractor, Drone  
  113  7:15  Overlord  
  113  7:18  Overseer  
  113  7:19  Glial Reconstitution  
  113  7:20  Overlord  
  113  7:21  Zergling x4  
  115  7:28  Overlord  
  115  7:30  Overlord  
  115  7:31  Overlord  
  115  7:33  Hatchery  
  115  7:34  Overlord  
  118  7:37  Roach x3, Zergling x2  
  118  7:38  Ravager x2  
  118  7:40  Zergling x4  
  118  7:42  Zergling x2  
  126  7:47  Zergling x2  
  126  7:49  Zergling x2  
  128  7:53  Ravager x2  
  128  7:56  Overlord  
  130  7:59  Zergling x2  
  130  8:04  Zergling x2  
  130  8:05  Overlord, Zergling x2  
  133  8:07  Overlord  
  133  8:08  Drone, Zergling x2  
  133  8:12  Ravager x3  
  138  8:16  Zergling x2  
  138  8:18  Zergling x2  
  140  8:21  Zergling x4  
  140  8:24  Ravager  
  142  8:31  Roach  
  142  8:32  Roach  
  147  8:34  Roach x2  
  147  8:35  Roach  
  147  8:36  Roach  
  147  8:38  Roach  
  155  8:44  Roach  
  155  8:47  Roach x2  
  158  8:52  Roach  
  128  9:03  Roach x2  
  128  9:04  Roach  
  128  9:05  Roach  
  128  9:07  Zergling x4  
  128  9:11  Roach x2  
  128  9:12  Roach  
  128  9:16  Roach  
  134  9:22  Roach  
  136  9:24  Roach x2  
  136  9:27  Roach  
  140  9:35  Roach  
  140  9:36  Roach  
  142  9:41  Roach x2  
  146  9:55  Ravager x4  
  146  9:56  Ravager  
  150  10:00  Hatchery  
  150  10:01  Overseer  
  151  10:07  Roach x2  
  151  10:11  Roach x2  
  157  10:16  Roach  
  159  10:25  Roach x2  
  159  10:26  Roach x2  
  159  10:27  Zergling x4  
  167  10:41  Zergling x2  
  167  10:42  Zergling x2  
  145  10:47  Drone x3  
  146  10:51  Ravager  
  146  10:52  Ravager  
  148  11:01  Drone  
  148  11:04  Infestation Pit  
  148  11:09  Drone x2  
  148  11:13  Roach  
  148  11:14  Roach  
  148  11:15  Zergling x2  
  148  11:17  Roach  
Show
View Real Time Build Order
Export as new Build Order

Has Protoss 

Build Orders: 1 Gate Expand, Archon Immortal, Zealot Archon 

Get SALT Encoding   

  12  0:00  Probe (Chrono Boost)  
  13  0:11  Probe (Chrono Boost)  
  14  0:18  Pylon  
  14  0:22  Probe (Chrono Boost)  
  15  0:36  Probe (Chrono Boost)  
  15  0:39  Gateway  
  16  0:47  Probe (Chrono Boost)  
  16  0:48  Assimilator  
  17  0:57  Probe (Chrono Boost)  
  18  1:08  Probe (Chrono Boost)  
  19  1:22  Nexus  
  19  1:32  Cybernetics Core  
  19  1:36  Probe (Chrono Boost)  
  20  1:42  Assimilator  
  20  1:46  Probe (Chrono Boost)  
  21  1:52  Zealot (Chrono Boost)  
  23  2:00  Pylon  
  22  2:03  Probe  
  23  2:10  Warp Gate  
  23  2:18  Probe  
  23  2:19  Adept (Chrono Boost)  
  26  2:30  Probe  
  26  2:35  Probe, Twilight Council  
  28  2:45  Adept (Chrono Boost)  
  28  2:47  Probe (Chrono Boost)  
  28  2:49  Probe (Chrono Boost)  
  32  2:59  Probe (Chrono Boost)  
  32  3:00  Probe (Chrono Boost)  
  34  3:10  Probe (Chrono Boost)  
  34  3:11  Probe (Chrono Boost)  
  36  3:18  Robotics Facility  
  36  3:20  Probe (Chrono Boost)  
  36  3:24  Mothership Core (Chrono Boost), Charge (Chrono Boost)  
  39  3:31  Probe (Chrono Boost)  
  39  3:32  Pylon  
  40  3:42  Probe  
  40  3:43  Probe  
  42  3:52  Probe  
  43  3:56  Gateway x2  
  43  4:00  Gateway  
  43  4:02  Gateway  
  43  4:06  Gateway  
  41  4:17  Probe, Warp Prism (Chrono Boost)  
  41  4:18  Gateway  
  42  4:25  Gateway  
  42  4:27  Probe  
  42  4:30  Probe  
  44  4:39  Probe, Pylon  
  44  4:41  Stalker  
  44  4:42  Probe  
  44  4:45  Pylon  
  48  5:02  Dark Shrine  
  48  5:08  Pylon  
  48  5:12  Zealot  
  48  5:13  Zealot x5  
  60  5:15  Zealot  
  62  5:26  Pylon  
  62  5:33  Zealot  
  62  5:34  Zealot x5  
  74  5:37  Zealot  
  74  5:39  Zealot  
  56  5:53  Probe x2  
  54  6:04  Zealot  
  54  6:05  Zealot x6  
  68  6:27  Dark Templar x4  
  68  6:30  Probe x2  
  70  6:42  Probe  
  70  6:43  Probe  
  72  6:49  Dark Templar  
  74  6:59  Probe x2  
  76  7:03  Immortal  
  76  7:05  Assimilator x2  
  76  7:08  Pylon  
  78  7:11  Probe x2  
  80  7:18  Pylon  
  80  7:20  Pylon  
  80  7:23  Probe  
  80  7:28  Sentry  
  83  7:31  Zealot  
  83  7:35  Pylon  
  83  7:36  Pylon  
  85  7:37  Zealot x4  
  85  7:40  Observer  
  85  7:43  Zealot x2, Pylon  
  98  7:51  Pylon  
  98  7:54  Archon x2  
  98  7:56  Immortal  
  102  8:06  Pylon  
  102  8:07  Pylon  
  102  8:13  Nexus  
  102  8:29  Zealot x3  
  102  8:30  Zealot x5, Immortal  
  118  8:38  Pylon  
  122  8:54  Dark Templar x3  
  122  8:55  Zealot x3  
  131  8:57  Zealot  
  131  9:00  Zealot  
  99  9:19  Zealot x4  
  99  9:20  Immortal  
  99  9:22  Zealot  
  108  9:27  Zealot x3  
  94  9:48  Sentry x3  
  100  9:52  Dark Templar  
  100  9:56  Archon  
  102  10:02  Pylon  
  102  10:09  Zealot x3  
  102  10:10  Nexus, Zealot  
  102  10:13  Pylon  
  110  10:15  Pylon  
  110  10:18  Immortal  
  91  10:44  Sentry x3  
  87  10:50  Zealot x4  
  94  10:58  Warp Prism  
  93  11:19  Dark Templar x2  
Tags
 
Add a new tag
Caveats
  • Supply blocks, unpowered buildings, or Contaminate may cause inaccurate times.
  • Supply counts are checked every 10 seconds.